 Dungeon Crawl Stone Soup version 0.27-a0-1595-g0b823d0a13 (webtiles) character file.

Game seed: 5853850157365740458

83 Sin92 the Skirmisher (level 4, 0/35 HPs)
             Began as a Demonspawn Fighter on July 20, 2021.
             Slain by Crazy Yiuf (9 damage)
             ... on level 2 of the Dungeon.
             The game lasted 00:01:46 (2550 turns).

Sin92 the Skirmisher (Demonspawn Fighter)           Turns: 2550, Time: 00:01:47

Health: 0/35       AC:  9    Str: 18    XL:     4   Next: 22%
Magic:  4/4        EV:  5    Int:  9    God:
Gold:   12         SH:  9    Dex: 12    Spells: 3/3 levels left

rFire    . . .     SeeInvis .   a - +0 trident
rCold    . . .     Faith    .   c - +0 kite shield
rNeg     . . .     Spirit   .   n - +0 chain mail
rPois    .         Reflect  .   (no helmet)
rElec    .         Harm     .   (no cloak)
rCorr    .         Rampage  .   (no gloves)
Will     .....                  (no boots)
Stlth    ..........             (no amulet)
HPRegen  0.11/turn              (no ring)
MPRegen  0.09/turn              (no ring)

@: mighty
A: hooves 1
a: no special abilities


You were on level 2 of the Dungeon.
You visited 1 branch of the dungeon, and saw 2 of its levels.

You collected 12 gold pieces.

Inventory:

Hand Weapons
 a - a +0 trident (weapon)
Armour
 b - a +0 scale mail
 c - a +0 kite shield (worn)
 n - a +0 chain mail (worn)
Jewellery
 o - a ring of willpower
Wands
 r - a wand of acid (6)
Scrolls
 g - a scroll of magic mapping {unknown}
 h - a scroll of enchant armour {unknown}
 i - 2 scrolls of summoning {unknown}
 k - a scroll of fog {unknown}
 l - a scroll of noise {unknown}
 q - a scroll of amnesia {unknown}
Potions
 e - a potion of curing {unknown}
 f - 2 potions of brilliance {unknown}
 j - a potion of degeneration {unknown}
 m - a potion of haste {unknown}
 p - a potion of attraction {unknown}


   Skills:
 + Level 3.4 Fighting
 * Level 2.7 Polearms
 + Level 3.1 Armour
 + Level 1.1 Dodging
 + Level 3.1 Shields


You had 3 spell levels left.
You didn't know any spells.
Your spell library was empty.

Dungeon Overview and Level Annotations

Branches:
Dungeon (2/15)

Altars:

Shops:
D:2 ?

Annotations:
D:2 Crazy Yiuf


Innate Abilities, Weirdness & Mutations

You have large cloven feet.


Message History

No target in view!
Unknown command.
Key pressed, stopping explore.
No target in view!
Unknown command.
You see here 12 stones.
There is a stone staircase leading up here.
Crazy Yiuf shouts!
Crazy Yiuf cries, "You leg down broken song, no?"
Crazy Yiuf says, "Leather senile eyeball!"
Failed to move towards target.
Could not explore, unopened runed door.
Unknown command.
Failed to move towards target.
Unknown command.
Could not explore, unopened runed door.
Unknown command.
Could not explore, unopened runed door.
Failed to move towards target.
Unknown command.
Could not explore, unopened runed door.
Failed to move towards target.
Unknown command.
Could not explore, unopened runed door.
Failed to move towards target.
Could not explore, unopened runed door.
Unknown command.
As you open the door, it creaks loudly!
Your chain mail prevents you from hitting Crazy Yiuf.
Crazy Yiuf hits you with a +2 quarterstaff of chaos!
You barely miss Crazy Yiuf. You kick Crazy Yiuf.
Crazy Yiuf is lightly wounded.
Crazy Yiuf hits you with a +2 quarterstaff of chaos.
Crazy Yiuf freezes you.
Crazy Yiuf hits you with a +2 quarterstaff of chaos!
Crazy Yiuf freezes you.
* * * LOW HITPOINT WARNING * * *
You feel very mighty all of a sudden.
Crazy Yiuf hits you with a +2 quarterstaff of chaos!
You die...

##.#####....#####.≈#≈≈≈≈≈#≈
#...## ##..## #.≈#≈###≈#≈
#....# #....# ##≈#≈≈≈≈≈#≈
#...## #...## #≈≈≈≈≈≈≈≈≈
##### ##.## ##........ #.##
##.....##.. ##.#
#.......#.. #.##
#.......... ##@#
#......(.## #g# ##.......#.
... ##.....#.. #...#
####..#.# #..)# ##...#.#
##### #...#..# #...#...
#.#.#... #.#.####


You could see Crazy Yiuf.

Vanquished Creatures
  Jessica (D:2)
  An adder (D:2)
  A worm (D:2)
  A dart slug (D:1)
  7 endoplasms
  A goblin (D:1)
  8 hobgoblins
  A jackal (D:1)
  3 quokkas (D:1)
  3 ball pythons
  5 bats
  3 frilled lizards (D:1)
  2 kobolds (D:1)
  4 rats (D:1)
41 creatures vanquished.

Notes
Turn   | Place    | Note
-------+----------+-------------------------------------------
     0 | D:1      | Sin92 the Demonspawn Fighter began the quest for the Orb.
     0 | D:1      | Reached XP level 1. HP: 18/18 MP: 1/1
   651 | D:1      | Gained mutation: You have large cloven feet. [demonic
                  | ancestry]
   651 | D:1      | Reached XP level 2. HP: 24/24 MP: 2/2
  1109 | D:1      | Reached XP level 3. HP: 29/29 MP: 3/3
  1781 | D:2      | Found Yracun's Magic Scroll Boutique.
  2004 | D:2      | Noticed Jessica
  2011 | D:2      | Killed Jessica
  2012 | D:2      | Reached skill level 1 in Dodging
  2012 | D:2      | Reached XP level 4. HP: 35/35 MP: 4/4
  2175 | D:2      | Found a runed translucent door.
  2176 | D:2      | Noticed Crazy Yiuf
  2270 | D:2      | Found a faded altar of an unknown god.
  2550 | D:2      | Slain by Crazy Yiuf

Illustrated notes

Levels and vault maps discovered:
D:1:      dpeg_arrival_arbitrary_a, layout_basic,
          corexii_item_surrounded_by_moat, minmay_tromino_i4
D:2:      layout_loops_cross, serial_shops, shop,
          shapermc_ecumenical_altar_mp_vishouse, minmay_crystal_water,
          uniq_crazy_yiuf_cottage, uniq_jessica

Skill      XL: |  1  2  3 |
---------------+----------+-----
Polearms       | 2 |  2.7
Armour         | 3 |  3.1
Shields        | 3 |  3.1
Dodging        | 1 |  1.1
Fighting       | |  3.4

Action                   |  1- 3 |  4- 6 || total
-------------------------+-------+-------++-------
Melee: Trident           |   105 |    16 ||   121
       Kick              |    17 |     3 ||    20
  Use: Potion            |       |     1 ||     1
Armor: Scale mail        |    39 |       ||    39
       Chain mail        |     9 |    13 ||    22
Dodge: Dodged            |    26 |     4 ||    30
Block: Kite shield       |    55 |     9 ||    64

Table legend: (Time is in decaauts)
 A = Elapsed time spent in this place.
 B = Non-inter-level travel time spent in this place.
 C = Inter-level travel time spent in this place.
 D = Time resting spent in this place.
 E = Time spent auto-exploring this place.
 F = Levels seen in this place.
 G = Mean time per level.
                   A        B        C        D        E       F      G
               +--------+--------+--------+--------+--------+-----+--------+
         Total |   2604 |   2602 |      2 |    471 |   1837 |   2 | 1302.0 |
       Dungeon |   2604 |   2602 |      2 |    471 |   1837 |   2 | 1302.0 |
               +--------+--------+--------+--------+--------+-----+--------+

Top non-repeatable levels by time:
     D:1: 1658 daAuts
     D:2: 945 daAuts
